 Dungeon Crawl Stone Soup version 0.22-a0-533-g4d20840 (webtiles) character file.

85 KarmaPolice the Unweaver (level 4, -2/37 HPs)
             Began as a Demonspawn Abyssal Knight on June 22, 2018.
             Was a Follower of Lugonu.
             Slain by Grinder (6 damage)
             ... on level 3 of the Dungeon.
             The game lasted 00:06:51 (2693 turns).

KarmaPolice the Unweaver (DsAK)                     Turns: 2693, Time: 00:06:52

Health: -2/37      AC:  5    Str: 13    XL:     4   Next: 25%
Magic:  7/7        EV: 16    Int: 13    God:    Lugonu [*.....]
Gold:   84         SH:  0    Dex: 18    Spells: 3/3 levels left

rFire    . . .     SeeInvis .   a - +1 hand axe
rCold    . . .     Gourm    .   (no shield)
rNeg     . . .     Faith    .   b - +0 leather armour
rPois    .         Spirit   .   (no helmet)
rElec    .         Reflect  .   (no cloak)
rCorr    .         Harm     .   (no gloves)
MR       .....                  (no boots)
Stlth    ++........             (no amulet)
HPRegen  0.12/turn              (no ring)
MPRegen  0.10/turn              (no ring)

@: agile, very slightly contaminated, invisible
A: slimy green scales 1, powered by death 1
a: Depart the Abyss, Renounce Religion


You were on level 3 of the Dungeon.
You worshipped Lugonu.
Lugonu was aware of your devotion.
You were near starving.

You visited 1 branch of the dungeon, and saw 3 of its levels.
You visited the Abyss 1 time.

You collected 84 gold pieces.

Inventory:

Hand Weapons
 a - a +1 hand axe (weapon)
Armour
 b - a +0 leather armour (worn)
Jewellery
 d - an uncursed ring of fire
Scrolls
 e - a scroll of blinking {unknown}
 g - a scroll of fog {unknown}
 j - a scroll of enchant weapon {unknown}
Comestibles
 c - 5 rations


   Skills:
 + Level 3.8 Fighting
 + Level 2.7 Axes
 - Level 1.7 Armour
 - Level 0.8 Dodging
 + Level 4.0 Invocations


You had 3 spell levels left.
You didn't know any spells.
Your spell library contained the following spells:

 Spells                   Type           Power        Failure   Level  Hunger
 Magic Dart               Conj           #...         36%         1    ##.....
 Conjure Flame            Conj/Fire      #.......     75%         3    ####...
 Slow                     Hex            #.......     52%         2    ###....
 Mephitic Cloud           Conj/Pois/Air  #.......     75%         3    ####...
 Blink                    Tloc           N/A          52%         2    ###....
 Call Imp                 Summ           #.......     52%         2    ###....


Dungeon Overview and Level Annotations

Branches:
Dungeon (3/15)

Altars:

Annotations:
D:3 Grinder


Innate Abilities, Weirdness & Mutations

You are partially covered in slimy green scales. (AC +2)
You regenerate a little health from kills.


Message History

Pain shoots through your body!
You are very lightly contaminated with residual magic.
It was a potion of magic.
Magic courses through your body.
It was a potion of agility.
You feel agile all of a sudden.
You hit Grinder.
Grinder is lightly wounded.
Grinder hits you.
You writhe in agony.
You are too injured to fight recklessly!
You are too injured to fight recklessly!
You hit Grinder.
Grinder is moderately wounded.
Grinder hits you!
* * * LOW HITPOINT WARNING * * *
You writhe in agony.
* * * LOW HITPOINT WARNING * * *
Your leather armour prevents you from hitting Grinder.
Grinder is moderately wounded.
Grinder hits you.
You die...

###### #....#
... #....#
###.. #....#
#.... #....# .
...... #....#
... ......
###....####....
......
#.....5........
......
#....@#........
.....
#.....#........
.....
##...##........
..###
##.#######.###
#. #.# .# ####.
#.# .# #....
#.# .# #.##.
#.#
#.######.##.
#.#
###........##.


You could see Grinder.

Vanquished Creatures
  An orc priest (D:2)
  2 adders
  An ooze (D:1)
  4 dart slugs
  2 goblins (D:2)
  3 hobgoblins
  2 jackals (D:1)
  A quokka (D:2)
  7 bats
  2 frilled lizards (D:2)
  3 rats (D:2)
28 creatures vanquished.

Notes
Turn   | Place    | Note
-------+----------+-------------------------------------------
     0 | Abyss:1  | KarmaPolice the Demonspawn Abyssal Knight began the quest for the Orb.
     0 | Abyss:1  | Reached XP level 1. HP: 18/18 MP: 2/2
    73 | Abyss:1  | Noticed a small abomination
    83 | D:1      | Escaped the Abyss
   832 | D:1      | Gained mutation: You regenerate a little health from kills. [demonic ancestry]
   832 | D:1      | Reached XP level 2. HP: 23/24 MP: 4/4
  1091 | D:1      | Reached skill level 3 in Invocations
  1377 | D:2      | Reached * piety under Lugonu
  1536 | D:2      | Gained mutation: You are partially covered in slimy green scales. (AC +2) [demonic ancestry]
  1536 | D:2      | Reached XP level 3. HP: 27/29 MP: 5/5
  2289 | D:2      | Reached XP level 4. HP: 34/37 MP: 6/6
  2658 | D:3      | Reached skill level 4 in Invocations
  2683 | D:3      | Noticed Grinder
  2693 | D:3      | Slain by Grinder

Vault maps used:
D:1:      sevenhm_arrival_forest_fort_small_6, minmay_liquid_box
D:3:      kennysheep_slugbush, serial_co_window_serial, co_window_paths_a,
          co_window_corner_a, co_window_of_opportunity_a, co_window_paths_b,
          co_window_paths_a, co_window_unsneaky_path_e, co_window_paths_c,
          co_window_of_opportunity_b, co_window_corner_cb, co_window_2corner,
          co_window_2corner, co_window_2corner, uniq_ijyb, uniq_grinder

Skill      XL: |  1  2  3  4 |
---------------+-------------+-----
Axes           | 2 |  2.7
Invocations    | 3 4 |  4.0
Fighting       | |  3.8
Armour         | |  1.7
Dodging        | |  0.8

Action                   |  1- 3 |  4- 6 || total
-------------------------+-------+-------++-------
Melee: Hand axe          |   105 |    12 ||   117
Invok: Depart the Abyss  |     1 |       ||     1
  Use: Potion            |       |     3 ||     3
  Eat: Chunk             |     4 |       ||     4
Armor: Leather armour    |    49 |     6 ||    55
Dodge: Dodged            |   100 |     6 ||   106

Table legend:
 A = Spawn XP
 B = Non-spawn XP
 C = Spawn XP percentage of total XP
 D = Spawn monster count
 E = Non-spawn monster count
 F = Spawn count percentage of total count
 G = Total turns spent on level
                    A         B        C        D         E        F      G
               +---------+---------+-------+---------+---------+-------+---------
         Total |       0 |     122 |   0.0 |       0 |      28 |   0.0 |  2693
               +---------+---------+-------+---------+---------+-------+---------
           D:1 |       0 |      21 |   0.0 |       0 |       9 |   0.0 |  1042
           D:2 |       0 |      80 |   0.0 |       0 |      16 |   0.0 |  1353
           D:3 |       0 |      21 |   0.0 |       0 |       3 |   0.0 |   215
               +---------+---------+-------+---------+---------+-------+---------
